 Dungeon Sprint DCSS version 0.26-a0-466-g989023bd0d (webtiles) character file.

Game seed: 4296763344682086598

10 Baz the Cudgeler (level 2, -4/31 HPs)
             Began as a Troll Berserker on July 29, 2020.
             Was a Believer of Trog.
             Slain by a neqoxec (8 damage)
             ... in the Dungeon (Sprint II: "The Violet Keep of Menkaure").
             The game lasted 00:00:34 (65 turns).

Baz the Cudgeler (Troll Berserker)                    Turns: 65, Time: 00:00:35

Health: -4/31      AC:  6    Str: 24    XL:     2   Next: 10%
Magic:  0/0        EV: 10    Int: -5 (3) God:    Trog [**....]
Gold:   0          SH:  0    Dex:  9    Spells: 1/1 levels left

rFire    . . .     SeeInvis .   a - +0 mace
rCold    . . .     Faith    .   (no shield)
rNeg     . . .     Spirit   .   b - +0 animal skin
rPois    .         Reflect  .   (helmet restricted)
rElec    .         Harm     .   (no cloak)
rCorr    .         NoTele   +   (gloves unavailable)
MR       ++...                  (boots unavailable)
Stlth    +.........             (no amulet)
HPRegen  1.50/turn              (no ring)
MPRegen  0.07/turn              (no ring)

@: regenerating (expiring), slowed, lost intelligence, very slow
A: large, unfitting armour, claws 3, low mp 1, regeneration 1, shaggy fur 1,
tough skin 3
a: Berserk, Trog's Hand, Renounce Religion


You were in the Dungeon.
You worshipped Trog.
Trog was pleased with you.
You visited 1 branch

Inventory:

Hand Weapons
 a - a +0 mace (weapon)
Armour
 b - a +0 animal skin (worn)
Scrolls
 h - a scroll of blinking
Potions
 c - a potion of curing
 d - a potion of heal wounds
 e - a potion of haste
 f - 2 potions of magic
 g - a potion of berserk rage


   Skills:
 + Level 3.1 Fighting
 + Level 3.5 Maces & Flails
 + Level 3.2 Dodging


You had one spell level left.
You didn't know any spells.
Your spell library was empty.

Dungeon Overview and Level Annotations

Branches:
Dungeon (1/1)

Altars:


Innate Abilities, Weirdness & Mutations

You are too large for most types of armour.
You have claws for hands.
Your natural rate of healing is unusually fast.
You are covered in fur. (AC +1)
You have extremely tough skin. (AC +3)
Your magical capacity is low. (-10% MP)


Message History

The neqoxec gestures at you.
Something tries to feed on your intellect!
The crimson imp completely misses you.
The crimson imp blinks!
You hit the neqoxec.
The neqoxec is moderately wounded.
The neqoxec gestures at you.
Something tries to feed on your intellect!
The neqoxec barely misses you. The white imp barely misses you.
The crimson imp blinks!
The neqoxec hits you!
* * * LOW HITPOINT WARNING * * *
The white imp hits you but does no damage.
The crimson imp hits you but does no damage.
The crimson imp blinks!
You hit the neqoxec.
The neqoxec is heavily wounded.
You feel the effects of Trog's Hand fading.
The neqoxec gestures at you.
You feel dopey. Something feeds on your intellect! The neqoxec hits you!
You die...

# # #5 #+#
.##
#53##.##5..#
#33@5.'#
#3##5##.# #5
#+# .# # #


You could see 4 neqoxecs, a quasit (summoned), 3 crimson imps and 2 white imps.

Vanquished Creatures
  3 worms (D)
3 creatures vanquished.

Vanquished Creatures (others)
  A crocodile (D)
1 creature vanquished.

Grand Total: 4 creatures vanquished

Notes
Turn   | Place    | Note
-------+----------+-------------------------------------------
     0 | D        | Baz the Troll Berserker began the quest for the Orb.
     0 | D        | Reached XP level 1. HP: 22/22 MP: 0/0
    20 | D        | Reached ** piety under Trog
    20 | D        | Reached XP level 2. HP: 23/31 MP: 1/1
    27 | D        | Killed a crocodile
    53 | D        | Noticed a neqoxec
    53 | D        | Noticed a neqoxec
    53 | D        | Noticed a neqoxec
    53 | D        | Noticed a neqoxec
    54 | D        | Noticed a crimson imp
    54 | D        | Noticed a crimson imp
    55 | D        | Noticed a crimson imp
    55 | D        | Lost intelligence.
    58 | D        | Noticed a crimson imp
    62 | D        | Gained mutation: Your magical capacity is low. (-10% MP) [a
                  | neqoxec]
    64 | D        | HP: 1/31 [neqoxec (12)]
    65 | D        | Slain by a neqoxec

Illustrated notes

Levels and vault maps discovered:
D:        the_violet_keep_of_menkaure [sprint2_stairs_cluster_1,
          sprint2_shoproom, sprint2_temple, sprint2_basic_supplies,
          sprint2_obstacle_1, sprint2_obstacle_6, sprint2_obstacle_4,
          sprint2_obstacle_7, sprint2_obstacle_2, sprint2_timed_cluster_1,
          sprint2_smallroom_cluster_1, sprint2_smallroom_final_cluster_1,
          sprint2_transparent_cluster_1, sprint2_second_timed_cluster_1,
          sprint2_sniper_area_1, sprint2_heavy_combat_area_1,
          sprint2_mutation_trap_area_1, sprint2_forest_area_1,
          sprint2_light_combat_area_1, sprint2_behind_water_1,
          sprint2_near_end_vault_1]

Skill      XL: |  1 |
---------------+----+-----
Maces & Flails | 3 |  3.5
Fighting       | 3 |  3.1
Dodging        | 3 |  3.2

Action                   || total
-------------------------++-------
Melee: Mace              ||    22
Invok: Berserk           ||     1
       Trog's Hand       ||     1
Armor: Animal skin       ||    20
Dodge: Dodged            ||    17

Table legend: (Time is in decaauts)
 A = Elapsed time spent in this place.
 B = Non-inter-level travel time spent in this place.
 C = Inter-level travel time spent in this place.
 D = Time resting spent in this place.
 E = Time spent auto-exploring this place.
 F = Levels seen in this place.
 G = Mean time per level.
                   A        B        C        D        E       F      G
               +--------+--------+--------+--------+--------+-----+--------+
         Total |     84 |     84 |      0 |     41 |      0 |   1 |   84.0 |
       Dungeon |     84 |     84 |      0 |     41 |      0 |   1 |   84.0 |
               +--------+--------+--------+--------+--------+-----+--------+

Top non-repeatable levels by time:
       D: 84 daAuts
